 Dungeon Crawl Stone Soup version 0.29.0-4-gdea44cf6ec (webtiles) character file.

Game seed: 13252798252264304137

42 qw the Chopper (level 3, -1/21 HPs)
             Began as a Tengu Warper on Aug 28, 2022.
             Slain by a goblin
             ... wielding a +0 club
             ... led by Robin
              (6 damage)
             ... on level 2 of the Dungeon.
             The game lasted 00:00:08 (1521 turns).

qw the Chopper (Tengu Warper)                       Turns: 1521, Time: 00:00:09

Health: -1/21      AC:  6    Str: 13    XL:     3   Next: 54%
Magic:  7/7        EV:  9    Int: 13    God:
Gold:   32         SH:  0    Dex: 13    Spells: 6/6 levels left

rFire   . . .      SeeInvis .   Y - +0 hand axe
rCold   . . .      Faith    .   (no shield)
rNeg    . . .      Spirit   .   l - +0 scale mail
rPois   .          Reflect  .   (helmet restricted)
rElec   .          Harm     .   (no cloak)
rCorr   .          Rampage  .   (no gloves)
Will    .....                   (boots unavailable)
Stlth   ..........              (no amulet)
HPRegen 0.07/turn               (no ring)
MPRegen 0.10/turn               (no ring)

@: no status effects
A: beak, talons 3
a: no special abilities


You were on level 2 of the Dungeon.
You visited 1 branch of the dungeon, and saw 2 of its levels.

You collected 32 gold pieces.


Innate Abilities, Weirdness & Mutations

You have a beak for a mouth.
You have claws for feet.


   Skills:
 - Level 2.0 Fighting
 + Level 4.2 Axes
 - Level 1.0 Throwing
 - Level 1.1 Armour
 - Level 2.1 Dodging
 - Level 2.0 Spellcasting
 - Level 2.4 Translocations


You had 6 spell levels left.
You didn't know any spells.
Your spell library contained the following spells:

 Spells                   Type           Power      Damage    Failure   Level
 Blink                    Tloc           14%        N/A       56%         2
 Gell's Gravitas          Tloc           7%         N/A       80%         3
 Lesser Beckoning         Tloc           7%         N/A       80%         3
 Teleport Other           Tloc           7%         N/A       80%         3
 Manifold Assault         Tloc           7%         N/A       100%        5

Inventory:

Hand Weapons
 h - a +0 whip
 Y - a +0 hand axe (weapon)
Armour
 l - a +0 scale mail (worn)
Scrolls
 i - a scroll of identify
Potions
 d - a potion of curing {unknown}
 e - a potion of cancellation {unknown}
 k - a potion of magic {unknown}
 m - a potion of heal wounds {unknown}

Dungeon Overview and Level Annotations

Branches:
Dungeon (2/15)

Altars:

Shops:
D:1 **[:


Message History

The hobgoblin hits you but does no damage.
You hit the hobgoblin. You claw the hobgoblin.
You kill the hobgoblin!
You hear a shout!
Your Axes skill increases to level 4!
You hit Robin. You claw Robin, but do no damage.
Robin is lightly wounded.
Robin hits you with a +0 falchion.
You hit Robin. Your kick misses Robin.
Robin is moderately wounded.
Robin roars a battlecry!
You hear a shout!
You barely miss Robin. You peck Robin, but do no damage.
Robin is moderately wounded.
Robin says, "A pitiful Tengu like you will never find the ORB!"
Robin zaps a wand.
The puff of flame hits you.
Robin roars a battlecry!
You hit Robin. Your kick misses Robin.
Robin is heavily wounded.
Robin zaps a wand.
The puff of flame misses you.
You barely miss Robin. You claw Robin.
Robin is almost dead.
Robin zaps a wand.
The puff of flame hits you.
You slash Robin!
You kill Robin!
A hobgoblin comes into view.
You barely miss the goblin. You peck the goblin, but do no damage.
You hit the hobgoblin. Your peck misses the hobgoblin.
The hobgoblin is severely wounded.
You hit the goblin. The goblin closely misses you.
The hobgoblin closely misses you.
You barely miss the hobgoblin.
The hobgoblin is severely wounded.
You closely miss the goblin. The goblin closely misses you.
The hobgoblin hits you.
You barely miss the hobgoblin. You claw the hobgoblin.
You kill the hobgoblin!
You barely miss the goblin. The goblin hits you with a +0 club.
You die...

#########
.g.g.g..#
###)#
#<@g#
#####


You could see a goblin (strong).

Vanquished Creatures
  Robin (D:2)
  A bat (D:1)
  5 endoplasms (D:1)
  A giant cockroach (D:1)
  7 goblins
  2 hobgoblins (D:2)
  2 quokkas (D:1)
  4 ball pythons (D:1)
  3 kobolds (D:1)
  3 rats (D:1)
29 creatures vanquished.

Notes
Turn   | Place    | Note
-------+----------+-------------------------------------------
     0 | D:1      | qw the Tengu Warper began the quest for the Orb.
     0 | D:1      | Reached XP level 1. HP: 12/12 MP: 4/4
     0 | D:1      | 0 ||| qw: Version: 0.1-a-89-g26bdef1
     0 | D:1      | 0 ||| qw: Game counter: 2202
     0 | D:1      | 0 ||| qw: Always use a shield: true
     0 | D:1      | 0 ||| qw: God list: Okawaru
     0 | D:1      | 0 ||| qw: Allow faded altars: false
     0 | D:1      | 0 ||| qw: Do Orc after D:15 true
     0 | D:1      | 0 ||| qw: Do second Lair branch before Depths: true
     0 | D:1      | 0 ||| qw: Lair rune preference: random
     0 | D:1      | 0 ||| qw: Plans: Normal
     0 | D:1      | 0 ||| PLANNING D:1-11
   253 | D:1      | Found Tuonag's Assorted Antiques.
   263 | D:1      | 263 ||| SHOPLISTING fizzy cyan potion (27 gold, have 0).
   263 | D:1      | 263 ||| SHOPLISTING green potion (27 gold, have 0).
   263 | D:1      | 263 ||| SHOPLISTING sapphire potion (27 gold, have 0).
   263 | D:1      | 263 ||| SHOPLISTING scroll labelled POIHUI JITHRU (31 gold,
                  | have 0).
   263 | D:1      | 263 ||| SHOPLISTING scroll labelled WAKOEVIOLA (31 gold,
                  | have 0).
   263 | D:1      | 263 ||| SHOPLISTING whip (77 gold, have 0).
   263 | D:1      | 263 ||| SHOPLISTING yellow potion (27 gold, have 0).
   331 | D:1      | Found Xirphaluk's Assorted Antiques.
   352 | D:1      | Reached XP level 2. HP: 17/17 MP: 6/6
   361 | D:1      | 361 ||| SHOPLISTING ruby ring (110 gold, have 12).
   361 | D:1      | 361 ||| SHOPLISTING scroll labelled GAMEUN WUYD (22 gold,
                  | have 12).
   361 | D:1      | 361 ||| SHOPLISTING scroll labelled IGOZUPN HUCK (22 gold,
                  | have 12).
   361 | D:1      | 361 ||| SHOPLISTING scroll labelled QOAFAU QAANENY (22
                  | gold, have 12).
   363 | D:1      | Found Ahouv's Armour Emporium.
   370 | D:1      | Reached skill level 3 in Axes
   411 | D:1      | 411 ||| SHOPLISTING +0 plate armour (299 gold, have 12).
   411 | D:1      | 411 ||| SHOPLISTING +0 ring mail (52 gold, have 12).
   411 | D:1      | 411 ||| SHOPLISTING +1 ring mail of willpower (208 gold,
                  | have 12).
   411 | D:1      | 411 ||| SHOPLISTING +3 ring mail of fire resistance (338
                  | gold, have 12).
   425 | D:1      | 425 ||| Stepping ~*~*~tactically~*~*~ (stealth).
  1037 | D:1      | Found Kefiza Womi's Book Emporium.
  1257 | D:1      | Reached XP level 3. HP: 20/21 MP: 7/7
  1441 | D:1      | 1441 ||| UPGRADING to +0 scale mail.
  1451 | D:1      | 1451 ||| DROPPING +0 leather armour.
  1452 | D:1      | 1452 ||| READING scroll labelled POIHUI JITHRU.
  1455 | D:1      | 1455 ||| READING scroll labelled QOAFAU QAANENY.
  1456 | D:1      | 1456 ||| READING 2 scrolls labelled WAKOEVIOLA.
  1457 | D:1      | 1457 ||| READING scroll labelled EDDICI DYPLOP.
  1458 | D:1      | 1458 ||| READING scroll labelled IGOZUPN HUCK.
  1459 | D:1      | 1459 ||| DROPPING scroll of blinking.
  1503 | D:2      | Noticed Robin
  1504 | D:2      | 1504 ||| Stepping ~*~*~tactically~*~*~ (stealth).
  1512 | D:2      | Reached skill level 4 in Axes
  1517 | D:2      | Killed Robin
  1520 | D:2      | HP: 5/21 [hobgoblin[Robin] (2)]
  1521 | D:2      | Slain by a goblin

Levels and vault maps discovered:
D:1:      tarquinn_simple_flora_water_f, layout_basic, serial_shops,
          nicolae_shop_hallway_plus, shop, shop, shop_statue,
          kennysheep_minor_cross
D:2:      minmay_chambers_of_twos, layout_basic, basic_altar, uniq_robin

Skill      XL: |  1  2  3 |
---------------+----------+-----
Axes           | 3 4 |  4.2
Fighting       | |  2.0
Throwing       | |  1.0
Armour         | |  1.1
Dodging        | |  2.1
Spellcasting   | |  2.0
Translocations | |  2.4

Action                   || total
-------------------------++-------
Melee: Hand axe          ||    60
       Kick              ||    14
       Peck              ||     7
Throw: Boomerang         ||     7
  Use: Scroll            ||     5
Armor: Leather armour    ||     9
       Scale mail        ||     2
Dodge: Dodged            ||    14

Table legend:
 A = Non-vault XP
 B = Vault XP
 C = Vault XP percentage of total XP
 D = Non-vault monster count
 E = Vault monster count
 F = Vault count percentage of total count
                 A         B        C        D         E       F
            +---------+---------+-------+---------+---------+-------
      Total |      39 |      23 |  37.1 |      24 |       5 |  17.2
            +---------+---------+-------+---------+---------+-------
        D:1 |      39 |       0 |   0.0 |      24 |       0 |   0.0
        D:2 |       0 |      23 | 100.0 |       0 |       5 | 100.0
            +---------+---------+-------+---------+---------+-------
